AoeStats
← MooseMooch

Arabia

509496540Analyzed
1v1 RM · 5d ago on Sep 27, 2026· 45m 28s· 2 players
Game mode
Random Map
Map size
Tiny (2 player)
Population
200
Speed
Normal
Resources
Standard
Victory
Conquest
Starting age
Dark Age
Ending age
Imperial Age
RankedLock teamsTeams togetherTeam positionsShared explorationLock speedFull tech treeHidden civsTurbo modeCheats
Victory
Defeat
1203
+17
🇩🇪 Maya · Germany
1224
-17
[CL] The Fabulous Merasmus
5:14 Loom
10:08 Feudal Age
11:34 Double-Bit Axe
15:17 Horse Collar
19:26 Fletching
25:17 Castle Age
23:32 Gold Mining
24:06 Padded Archer Armor
24:52 Bloodlines
24:47 Scale Barding Armor
26:13 Bow Saw
26:04 Heavy Plow
27:27 Elite Skirmisher
28:47 Forging
29:30 Wheelbarrow
29:31 Town Watch
31:00 Hand Cart
32:41 Chain Barding Armor
33:19 Bodkin Arrow
34:09 Stone Mining
34:32 Town Patrol
38:52 Imperial Age
36:51 Leather Archer Armor
38:09 Iron Casting
40:46 Chemistry
40:07 Ballistics
40:19 Ring Archer Armor
40:05 Cavalier
42:29 Conscription
46:02 Plate Barding Armor
MooseMooch
0:30 Loom
10:16 Feudal Age
11:45 Double-Bit Axe
11:35 Man-at-Arms
15:03 Fletching
18:36 Wheelbarrow
22:03 Castle Age
20:10 Padded Archer Armor
19:53 Horse Collar
20:08 Gold Mining
22:38 Crossbowman
23:14 Bodkin Arrow
23:33 Bow Saw
30:52 Ballistics
34:21 Imperial Age
33:01 Leather Archer Armor
35:41 Bracer
37:58 Chemistry
38:22 Ring Archer Armor
38:18 Arbalester
39:56 Thumb Ring
39:36 Pikeman
41:34 Elite Skirmisher
42:02 Elite Skirmisher
43:15 Forging
Connection lost

Rejoining the realm…

Still unreachable

The connection could not be restored.

Session expired

The server has moved on; the page needs a fresh start.